 Dungeon Crawl Stone Soup version 0.20-b1-2-gc5a9893 (webtiles) character file.

6022 alfred1011 the Archer (level 10, -1/126 HPs)
             Began as a Centaur Hunter on May 21, 2017.
             Was a High Priest of Makhleb.
             Slain by an ice beast (3 damage)
             ... summoned by Fannar
             ... on level 10 of the Dungeon.
             The game lasted 00:55:08 (11517 turns).

alfred1011 the Archer (Centaur Hunter)             Turns: 11517, Time: 00:55:09

Health: -1/126     AC: 12    Str: 22      XL:     10   Next: 56%
Magic:  0/15       EV: 15    Int: 10      God:    Makhleb [*****.]
Gold:   471        SH:  0    Dex: 10 (11) Spells: 9/9 levels left

rFire    + . .     SeeInvis .   b - +1 falchion (flame)
rCold    . . .     Gourm    .   (no shield)
rNeg     . . .     Faith    .   c - +3 leather armour {rF+}
rPois    .         Spirit   +   J - +0 helmet
rElec    .         Reflect  .   B - scarf {Spirit}
rCorr    +         Harm     .   i - +2 pair of gloves
MR       .....                  (no barding)
Stlth    ..........             x - amulet of regeneration
Regen    0.8/turn               u - +6 ring of evasion
MPRegen  0.2/turn               n - ring of resist corrosion

@: mighty, berserking (expiring), heavily drained, very quick
A: hooves 3, deformed body, speed 2, tough skin 3
a: Minor Destruction, Lesser Servant of Makhleb, Major Destruction, Greater
Servant of Makhleb, Renounce Religion


You were on level 10 of the Dungeon.
You worshipped Makhleb.
Makhleb was extremely pleased with you.
You were hungry.

You visited 1 branch of the dungeon, and saw 10 of its levels.
You also visited: Ossuary.

You collected 471 gold pieces.

Inventory:

Hand Weapons
 a - a +1 shortbow
 b - a +1 falchion of flaming (weapon)
Missiles
 d - 95 arrows
 K - 7 tomahawks of dispersal (quivered)
Armour
 c - a +3 leather armour of fire resistance (worn)
 i - a +2 pair of gloves (worn)
 B - a scarf of spirit shield (worn)
 J - a +0 helmet (worn)
Jewellery
 n - a ring of resist corrosion (right hand)
 u - a +6 ring of evasion (left hand)
 x - an amulet of regeneration (around neck)
 G - an uncursed ring of protection from magic {unknown}
 M - an uncursed ring of protection from fire {unknown}
Wands
 j - a wand of enslavement (5/24)
 H - a wand of paralysis (12/24)
 N - a wand of lightning (8/15)
Scrolls
 g - 3 scrolls of enchant armour
 h - a scroll of enchant weapon
 l - 6 scrolls of recharging
 s - a scroll of amnesia
 z - 5 scrolls of magic mapping
 I - a scroll of blinking
Potions
 e - 2 potions of flight
 k - 6 potions of curing
 m - a potion of lignification {unknown}
 o - a potion of might
 p - a potion of cancellation {unknown}
 q - 2 potions of invisibility
 t - a potion of resistance {unknown}
 w - a potion of berserk rage
 A - a potion of experience {unknown}
 C - a potion of magic
 L - 2 potions of mutation
Comestibles
 f - 10 bread rations
 r - 6 royal jellies
 v - 8 meat rations
 D - 10 fruits


   Skills:
 + Level 6.9(4.4) Fighting
 + Level 4.5(2.1) Long Blades
 * Level 12.7(9.8) Bows
 + Level 4.8(2.4) Armour
 + Level 3.3(1.0) Dodging
 - Level 0.4(0.0) Stealth
 + Level 6.9(4.3) Invocations


You had 9 spell levels left.
You didn't know any spells.

Dungeon Overview and Level Annotations

Branches:
Dungeon (10/15)            Temple (0/1) D:4
   Lair: D:8-11         Orc: D:9-12

Altars:
Ashenzari
Cheibriados
Fedhas
Hepliaklqana
Kikubaaqudgha
Makhleb
Nemelex Xobeh
Okawaru
Ru
Sif Muna
Uskayaw
The Shining One

Shops:
D:8 [   D:9 (

Annotations:
D:10 Fannar, Josephine


Innate Abilities, Weirdness & Mutations

You have hooves in place of feet.
Armour fits poorly on your strangely shaped body.
You cover ground very quickly.
You have extremely tough skin. (AC +3)


Message History

The ice beast barely misses you.
You riposte.
You barely miss the ice beast. You kick the ice beast.
The ice beast is almost dead.
The ice beast misses you.
Fannar points at you and mumbles some strange words.
The bolt of cold hits you!
* * * LOW HITPOINT WARNING * * *
You barely miss Fannar. Your kick misses Fannar.
Fannar is severely wounded.
The ice beast closely misses you. x2; Fannar hits you with a staff of cold.
* * * LOW HITPOINT WARNING * * *
Fannar freezes you!
* * * LOW HITPOINT WARNING * * *
You barely miss Fannar. You kick Fannar, but do no damage.
Fannar is severely wounded.
The ice beast barely misses you.
You riposte.
You hit the ice beast.
You melt the ice beast.
You kill the ice beast!
The ice beast hits you.
You die...

.# ### ###. ..#### #..
.....## #.# ......#
####.# # .
...#..######....###(#...
.........8))<...@((.'...
...#.#....##.#..eY###...
..##.#....##.#.((.#
.###.#PP..##.#.##.# ..
..##......#.# .# .#
#########.#.##.#
#......# ###.#### #.#


You could see Fannar and an ice beast.

Vanquished Creatures
  A two-headed ogre (D:9)
  2 hippogriffs
  A wraith (D:10)
  A spriggan (D:7)
  A wyvern (D:9)
  Duvessa (D:4)
  3 orc warriors
  An eye of draining (D:9)
  An ice beast (D:5)
  6 ogres
  4 necrophages
  3 phantoms
  3 centaurs
  2 big kobolds
  2 elf zombies (Ossuary)
  3 bullfrogs
  4 scorpions
  3 killer bees (D:9)
  2 wights (D:10)
  A centaur zombie (Ossuary)
  3 crimson imps
  A bullfrog zombie (D:9)
  4 human zombies (Ossuary)
  A quasit (D:10)
  A bullfrog skeleton (D:4)
  3 hounds
  A jelly (D:6)
  4 orc priests
  2 iguanas
  5 orc wizards
  5 worker ants
  A killer bee zombie (D:10)
  2 hound zombies
  2 mummies (Ossuary)
  A worker ant zombie (D:9)
  4 gnolls (D:8)
  8 adders
  3 shadow imps
  4 adder skeletons
  3 adder zombies
  7 worms
  2 dart slugs
  4 leopard geckos
  18 orcs
  2 giant cockroaches
  9 goblins
  11 hobgoblins
  12 jackals
  3 quokkas
  6 bats
  3 frilled lizards
  12 hobgoblin zombies (Ossuary)
  2 jackal zombies (Ossuary)
  14 kobolds
  11 kobold zombies (Ossuary)
  5 orc zombies (Ossuary)
  A quokka skeleton (D:8)
  16 rats
241 creatures vanquished.

Vanquished Creatures (collateral kills)
  A two-headed ogre (D:7)
  Dowan (D:4)
  2 vampire bats (D:7)
  7 bats (D:7)
11 creatures vanquished.

Vanquished Creatures (others)
  A withered plant (D:10)
1 creature vanquished.

Grand Total: 253 creatures vanquished

Notes
Turn   | Place    | Note
-------+----------+-------------------------------------------
     0 | D:1      | alfred1011 the Centaur Hunter began the quest for the Orb.
     0 | D:1      | Reached XP level 1. HP: 17/17 MP: 1/1
   111 | D:1      | You fall through a shaft!
   111 | D:2      | Found a burning altar of Makhleb.
   118 | D:2      | Became a worshipper of Makhleb the Destroyer
   422 | D:2      | Reached XP level 2. HP: 25/25 MP: 2/2
   651 | D:2      | Reached XP level 3. HP: 30/30 MP: 3/3
   825 | D:1      | Reached * piety under Makhleb
   858 | D:1      | Reached skill level 1 in Invocations
   983 | D:1      | Reached skill level 1 in Armour
  1216 | D:2      | Reached skill level 6 in Bows
  1574 | D:2      | Reached XP level 4. HP: 37/37 MP: 5/5
  2664 | D:3      | Reached ** piety under Makhleb
  2716 | D:3      | Reached XP level 5. HP: 44/44 MP: 6/6
  2933 | D:4      | Found a sand-covered staircase.
  2945 | Ossuary  | Entered an ossuary
  3258 | Ossuary  | Reached skill level 7 in Bows
  3291 | Ossuary  | Reached XP level 6. HP: 38/51 MP: 7/7
  3861 | Ossuary  | Reached *** piety under Makhleb
  3996 | Ossuary  | Reached skill level 8 in Bows
  4238 | D:4      | Reached XP level 7. HP: 54/58 MP: 9/9
  4327 | D:4      | Noticed Duvessa
  4330 | D:4      | Noticed Dowan
  4675 | D:4      | Killed Duvessa
  4679 | D:4      | Killed Dowan
  4878 | D:4      | Found a blossoming altar of Fedhas.
  4980 | D:4      | Found a staircase to the Ecumenical Temple.
  5053 | D:4      | Found a sparkling altar of Nemelex Xobeh.
  5090 | D:4      | Reached skill level 9 in Bows
  5221 | D:4      | Found a shattered altar of Ashenzari.
  5631 | D:5      | Entered Level 5 of the Dungeon
  5794 | D:5      | Found an iron altar of Okawaru.
  6069 | D:5      | Reached XP level 8. HP: 67/67 MP: 11/11
  6164 | D:5      | Reached skill level 1 in Long Blades
  6770 | D:6      | Reached **** piety under Makhleb
  6843 | D:6      | Reached skill level 5 in Fighting
  6843 | D:6      | Reached skill level 10 in Bows
  7351 | D:7      | Found a hide-covered altar of Uskayaw.
  7353 | D:7      | Found a snail-covered altar of Cheibriados.
  7355 | D:7      | Found a hazy altar of Hepliaklqana.
  7355 | D:7      | Found a sacrificial altar of Ru.
  7355 | D:7      | Found a glowing golden altar of the Shining One.
  7355 | D:7      | Noticed a two-headed ogre
  7398 | D:7      | Killed a two-headed ogre
  7398 | D:7      | Reached skill level 5 in Invocations
  7398 | D:7      | Reached XP level 9. HP: 69/74 MP: 10/12
  7436 | D:7      | Found an ancient bone altar of Kikubaaqudgha.
  7578 | D:7      | Found a deep blue altar of Sif Muna.
  7783 | D:7      | Reached skill level 11 in Bows
  8994 | D:8      | Found Fescheqo's Antique Armour Shoppe.
  9455 | D:8      | Reached ***** piety under Makhleb
  9528 | D:8      | Reached skill level 12 in Bows
  9528 | D:8      | Reached XP level 10. HP: 70/84 MP: 9/14
  9674 | D:9      | Found Nane's Weapon Shoppe.
  9886 | D:9      | Noticed a two-headed ogre
  9899 | D:9      | Killed a two-headed ogre
 10458 | D:10     | Entered Level 10 of the Dungeon
 10804 | D:10     | Noticed Josephine
 10820 | D:10     | Noticed Fannar
 11516 | D:10     | HP: 6/126 [Fannar/staff of cold (2)]
 11516 | D:10     | HP: 1/126 [Fannar/staff of cold (5)]
 11517 | D:10     | Slain by an ice beast

Skill      XL: |  1  2  3  4  5  6  7  8  9 10 |
---------------+-------------------------------+-----
Invocations    | 1 2 3 4 5 6 |  6.9
Armour         | 1 2 3 4 |  4.8
Bows           | 6 7 8 9 10 12 | 12.7
Fighting       | 3 4 5 6 |  6.9
Long Blades    | 2 3 4 |  4.5
Dodging        | 2 3 |  3.3
Stealth        | |  0.4

Action                   |  1- 3 |  4- 6 |  7- 9 | 10-12 || total
-------------------------+-------+-------+-------+-------++-------
Melee: Short sword       |    47 |   133 |       |       ||   180
       Kick              |     5 |    37 |    15 |    27 ||    84
       Falchion          |       |       |    67 |   117 ||   184
       Dagger            |       |       |     6 |       ||     6
       Shortbow          |       |       |       |     1 ||     1
 Fire: Shortbow          |    84 |   238 |   402 |   180 ||   904
Throw: Tomahawk          |       |       |     4 |       ||     4
Invok: Minor Destruction |       |       |     9 |       ||     9
       Lesser Servant of |       |       |     3 |     2 ||     5
       Major Destruction |       |       |     1 |     3 ||     4
  Use: Scroll            |       |       |    19 |     4 ||    23
       Potion            |       |       |       |     5 ||     5
  Eat: Chunk             |     1 |     4 |     9 |     4 ||    18
       Bread ration      |       |     1 |       |       ||     1
       Royal jelly       |       |       |     1 |       ||     1
       Fruit             |       |       |       |     1 ||     1
Armor: Leather armour    |    31 |    75 |    72 |    92 ||   270
       Ring mail         |       |     2 |       |       ||     2
Dodge: Dodged            |    41 |   178 |   201 |   227 ||   647
       Rpst.: Falchion   |       |       |    22 |    40 ||    62
